 Dungeon Crawl Stone Soup version 0.25.1-2-g60ff931df9 (webtiles) character file.

Game seed: 13257118642524290166

689 Erymatos the Chopper (level 7, 0/63 HPs)
             Began as a Minotaur Berserker on Nov 12, 2020.
             Was a Priest of Trog.
             Succumbed to Duvessa's poison
             ... on level 4 of the Dungeon.
             The game lasted 00:04:24 (4528 turns).

Erymatos the Chopper (Minotaur Berserker)           Turns: 4528, Time: 00:04:24

Health: 0/63       AC:  7    Str: 22    XL:     7   Next: 36%
Magic:  6/6        EV: 12    Int:  4    God:    Trog [***...]
Gold:   160        SH:  0    Dex: 11    Spells: 6/6 levels left

rFire    . . .     SeeInvis .   l - +0 war axe
rCold    . . .     Gourm    .   (no shield)
rNeg     . . .     Faith    .   q - +0 ring mail
rPois    .         Spirit   .   (helmet restricted)
rElec    .         Reflect  .   k - +0 cloak
rCorr    .         Harm     .   (no gloves)
MR       .....                  (no boots)
Stlth    +.........             (no amulet)
HPRegen  0.20/turn              (no ring)
MPRegen  0.10/turn              (no ring)

@: lethally poisoned (0 -> -53), berserk cooldown, slowed, very slow
A: retaliatory headbutt, horns 2
a: Berserk, Trog's Hand, Renounce Religion


You were on level 4 of the Dungeon.
You worshipped Trog.
Trog was most pleased with you.
You were very hungry.

You visited 1 branch of the dungeon, and saw 4 of its levels.

You collected 160 gold pieces.

Inventory:

Hand Weapons
 a - a +0 hand axe
 l - a +0 war axe (weapon)
Armour
 b - a +0 animal skin
 k - a +0 cloak (worn)
 o - a +0 chain mail
 q - a +0 ring mail (worn)
Scrolls
 d - a scroll of magic mapping {unknown}
 e - 2 scrolls of fog {unknown}
 g - a scroll of noise {unknown}
 h - 2 scrolls of teleportation {unknown}
 i - 3 scrolls of remove curse {unknown}
 m - 2 scrolls of immolation {unknown}
 s - 2 scrolls of amnesia {unknown}
 t - a scroll of enchant armour {unknown}
Potions
 f - 3 potions of haste {unknown}
 j - a potion of degeneration {unknown}
 n - a potion of flight {unknown}
 p - a potion of lignification {unknown}
 u - a potion of invisibility {unknown}
 v - a potion of heal wounds {unknown}
Comestibles
 c - 3 rations
 r - a chunk of flesh


   Skills:
 + Level 6.0 Fighting
 + Level 7.0 Axes
 + Level 4.5 Armour
 + Level 3.9 Dodging
 + Level 1.5 Stealth


You had 6 spell levels left.
You didn't know any spells.
Your spell library was empty.

Dungeon Overview and Level Annotations

Branches:
Dungeon (4/15)
 Temple: D:4-7

Altars:
Ashenzari
Sif Muna
Vehumet


Innate Abilities, Weirdness & Mutations

You reflexively headbutt those who attack you in melee.
You have a pair of horns on your head.


Message History

* * * LOW HITPOINT WARNING * * *
You are more poisoned.
You barely miss Duvessa. You headbutt Duvessa!
You kill Duvessa!
Trog accepts your kill.
Your Fighting skill increases to level 6!
Your Axes skill increases to level 7!
* * * LOW HITPOINT WARNING * * *
You feel very sick.
* * * LOW HITPOINT WARNING * * *
You feel very sick.
You feel a strong urge to attack something.
* * * LOW HITPOINT WARNING * * *
You feel very sick.
* * * LOW HITPOINT WARNING * * *
You feel very sick.
You feel your anger nearly subside.
You are no longer berserk.
You are exhausted.
You feel yourself slow down.
You die...

#......# #.# #.# #....#
#......# #.# #.# #.#.##
#......# #.# #.# #.#.#
#....รทรท# #.# #)# #.#.#
###......# #.# #.# #.#.#
.........#####.# #.# #.#.#
..............># #.# #.#.#
####.#.#######.#####.#
#.#.## #.#..........@....#
#.#..#
#.######.##.).#######.#.##
#.............<.......#.#
################..########.#
............))...........#.#
###############....#.....#.#
...#####....#.#####.#
#..................#
#######.#.##.#######


There were no monsters in sight!

Vanquished Creatures
  Duvessa (D:4)
  A sky beast (D:3)
  A bullfrog (D:2)
  Dowan (D:4)
  The ghost of philipeq the Chopper, a weakling DDMo (D:3)
  3 hounds (D:4)
  An orc wizard (D:4)
  2 iguanas
  A worker ant (D:4)
  3 gnolls (D:4)
  2 adders
  2 oozes
  An adder skeleton (D:4)
  A worm (D:2)
  A dart slug (D:1)
  3 leopard geckos
  13 orcs
  4 ball pythons
  7 bats
  5 giant cockroaches
  4 goblins
  5 hobgoblins
  2 jackals (D:4)
  3 quokkas
  3 frilled lizards
  9 kobolds
  6 rats
86 creatures vanquished.

Notes
Turn   | Place    | Note
-------+----------+-------------------------------------------
     0 | D:1      | Erymatos the Minotaur Berserker began the quest for the
                  | Orb.
     0 | D:1      | Reached XP level 1. HP: 19/19 MP: 0/0
   307 | D:1      | Reached skill level 4 in Axes
   307 | D:1      | Reached XP level 2. HP: 27/27 MP: 1/1
  1264 | D:1      | Reached XP level 3. HP: 32/33 MP: 2/2
  1410 | D:2      | Noticed a bullfrog
  1421 | D:2      | Killed a bullfrog
  1421 | D:2      | Reached XP level 4. HP: 29/40 MP: 3/3
  1616 | D:2      | Reached skill level 5 in Axes
  1616 | D:2      | Reached skill level 1 in Stealth
  1969 | D:2      | Reached ** piety under Trog
  2198 | D:2      | Found a shimmering blue altar of Sif Muna.
  2244 | D:2      | Found a shattered altar of Ashenzari.
  2417 | D:3      | Found a radiant altar of Vehumet.
  2421 | D:3      | Reached XP level 5. HP: 44/47 MP: 4/4
  2449 | D:3      | Found a large runed translucent door.
  2450 | D:3      | Found a large runed translucent door.
  2453 | D:3      | Noticed philipeq's ghost (weakling DDMo)
  2649 | D:3      | Noticed a sky beast
  2655 | D:3      | Killed a sky beast
  2655 | D:3      | Reached skill level 5 in Fighting
  3275 | D:3      | Killed philipeq's ghost
  3275 | D:3      | Reached XP level 6. HP: 56/56 MP: 5/5
  3520 | D:4      | Reached skill level 6 in Axes
  4017 | D:4      | Reached *** piety under Trog
  4132 | D:4      | Reached XP level 7. HP: 37/62 MP: 6/6
  4490 | D:4      | Noticed Dowan
  4499 | D:4      | Killed Dowan
  4515 | D:4      | Noticed Duvessa
  4524 | D:4      | Killed Duvessa
  4524 | D:4      | Reached skill level 7 in Axes
  4528 | D:4      | Succumbed to Duvessa's poison

Illustrated notes

Levels and vault maps discovered:
D:1:      psy_arrival_whirlpool, layout_basic, st_stairs_6,
          minmay_shallow_snake_nest
D:2:      layout_basic, lemuel_round_altar, lemuel_blue_sif_altar, first_ration
D:3:      layout_basic, fiery_altar_vehumet, ebering_ghost_disaster_area
D:4:      layout_basic, grunt_ministairs_13, chequers_serial_rivers_small_a,
          uniq_duvessa

Skill      XL: |  1  2  3  4  5  6  7 |
---------------+----------------------+-----
Axes           | 4 5 6 7 |  7.0
Fighting       | 4 5 6 |  6.0
Armour         | 3 4 |  4.5
Stealth        | 1 |  1.5
Dodging        | 3 |  3.9

Action                   |  1- 3 |  4- 6 |  7- 9 || total
-------------------------+-------+-------+-------++-------
Melee: Hand axe          |    57 |    28 |       ||    85
       Headbutt          |    14 |    17 |     4 ||    35
       War axe           |       |    88 |    18 ||   106
Invok: Berserk           |     1 |     1 |     1 ||     3
  Eat: Chunk             |     2 |    10 |     1 ||    13
Armor: Animal skin       |    22 |     7 |       ||    29
       Ring mail         |       |    32 |     4 ||    36
Dodge: Dodged            |    37 |    79 |    10 ||   126
